 Dungeon Crawl Stone Soup version 0.22.0-27-ga576289601 (webtiles) character file.

3602 Morbidden the Grappler (level 9, 0/72 HPs)
             Began as a White Draconian Monk on Aug 23, 2018.
             Was an Elder of Cheibriados.
             Slain by an orc warrior
             ... wielding a +0 glaive
              (27 damage)
             ... on level 9 of the Dungeon.
             The game lasted 00:23:53 (7492 turns).

Morbidden the Grappler (White Draconian Monk)       Turns: 7492, Time: 00:23:54

Health: 0/72       AC:  8    Str: 26 (27) XL:     9   Next: 86%
Magic:  10/12      EV: 16    Int: 18 (21) God:    Cheibriados [****..]
Gold:   359        SH:  0    Dex: 21 (23) Spells: 7/8 levels left

rFire    . . .     SeeInvis .     - Unarmed
rCold    + . .     Gourm    .   (no shield)
rNeg     . . .     Faith    .   (armour unavailable)
rPois    .         Spirit   .   (helmet restricted)
rElec    .         Reflect  .   (no cloak)
rCorr    +         Harm     .   (no gloves)
MR       .....                  (no boots)
Stlth    ++........             (no amulet)
HPRegen  0.22/turn              v - ring of resist corrosion
MPRegen  0.13/turn              (no ring)

@: short of breath, flying, very slow
A: breathe frost, unfitting armour, hooves 1, cold resistance 1, shaggy fur 1,
cold-blooded, AC +7
a: Breathe Frost, Bend Time, Temporal Distortion, Slouch, Renounce Religion


You were on level 9 of the Dungeon.
You worshipped Cheibriados.
Cheibriados was greatly pleased with you.
You were very hungry.

You visited 1 branch of the dungeon, and saw 9 of its levels.
You also visited: Sewer.

You collected 359 gold pieces.

Inventory:

Missiles
 d - 6 tomahawks (quivered)
 o - 4 steel tomahawks
Jewellery
 v - a ring of resist corrosion (left hand)
Wands
 t - a wand of flame (24)
 x - a wand of acid (7)
 y - a wand of enslavement (17)
Scrolls
 b - 3 scrolls of remove curse
 c - a scroll of teleportation
 e - 3 scrolls of enchant weapon
 f - 4 scrolls of fog
 g - 4 scrolls of blinking
 h - 3 scrolls of fear
 j - 2 scrolls of magic mapping
 l - a scroll of random uselessness {unknown}
 n - 7 scrolls of identify
 q - 2 scrolls of amnesia {unknown}
 u - a scroll of summoning {unknown}
 w - a scroll of brand weapon {unknown}
Potions
 i - 4 potions of brilliance
 k - 2 potions of heal wounds
 m - 5 potions of curing
Comestibles
 a - 9 rations


   Skills:
 + Level 4.7 Fighting
 + Level 5.1 Dodging
 - Level 1.7 Stealth
 + Level 11.8 Unarmed Combat
 * Level 3.5 Conjurations
 * Level 4.4 Invocations


You had 7 spell levels left.
You knew the following spells:

 Your Spells              Type           Power        Failure   Level  Hunger
a - Magic Dart            Conj           ##..         5%          1    ##.....

Your spell library contained the following spells:

 Spells                   Type           Power        Failure   Level  Hunger
 Blink                    Tloc           N/A          32%         2    ###....
 Call Imp                 Summ           #.......     32%         2    ###....
 Slow                     Hex            #.......     32%         2    ###....
 Conjure Flame            Conj/Fire      #.......     32%         3    ####...
 Mephitic Cloud           Conj/Pois/Air  #.......     38%         3    ####...


Dungeon Overview and Level Annotations

Branches:
Dungeon (9/15)             Temple (0/1) D:7
   Lair: D:8-11         Orc: D:9-12

Altars:
Cheibriados
Elyvilon
Gozag
Hepliaklqana
Kikubaaqudgha
Nemelex Xobeh
Okawaru
Qazlal
Xom

Shops:
D:6 ?


Innate Abilities, Weirdness & Mutations

You can breathe waves of freezing cold.
You can buffet flying creatures when you breathe cold.
Your icy white scales are hard. (AC +7)
You cannot fit into any form of body armour.
Your flesh is cold resistant. (rC+)
You are cold-blooded and may be slowed by cold attacks.
You have large cloven feet.
You are covered in fur. (AC +1)


Message History

Unknown command.
You punch the orc warrior! You tail-slap the orc warrior.
The orc warrior is moderately wounded.
The orc warrior misses you.
You barely miss the orc warrior. You tail-slap the orc warrior.
The orc warrior is heavily wounded.
The crimson imp blinks!
You closely miss the orc warrior.
You kick the orc warrior, but do no damage.
The orc warrior is heavily wounded.
The orc warrior completely misses you.
You punch the orc warrior!
You kick the orc warrior, but do no damage.
The orc warrior is severely wounded.
The orc hits you with a hand axe.
You punch the orc!
You kill the orc!
Cheibriados thoroughly appreciates the change of pace.
The orc warrior hits you with a glaive!!
You die...

####................
....................
##..########..(####
# #.. ##...## ...
#.. ##..8..###.8.8
#.. #......†'.....
#.. #..#+#).#..#'#
#.# ##)# ## #. #@#
#. #o# #. #h# o5#
..# ..## .. ... #


You could see a warg, 2 orc warriors and a crimson imp.

Vanquished Creatures
  A wraith (D:9)
  Grum (D:8)
  A hungry ghost (D:8)
  Edmund (D:6)
  A warg (D:9)
  2 orc warriors (D:9)
  A necrophage (D:7)
  An ice beast (D:8)
  3 ogres
  2 wolves (D:8)
  A centaur (D:6)
  2 big kobolds
  3 bullfrogs
  A wyvern skeleton (D:6)
  5 killer bees (D:7)
  The ghost of Zaque the Agent of Entropy, a weakling DsAK of Lugonu (D:3)
  4 wights (D:6)
  2 howler monkeys
  3 crimson imps
  3 bullfrog zombies (D:7)
  A centaur zombie (D:8)
  2 hounds
  4 orc priests
  A jelly (D:8)
  2 bullfrog skeletons
  6 orc wizards
  A centaur skeleton (D:8)
  2 worker ants
  A hound zombie (D:7)
  A worker ant zombie (D:9)
  16 adders
  6 gnolls
  8 river rats
  A shadow imp (D:8)
  An ooze (D:4)
  3 adder skeletons
  2 worms
  2 dart slugs (D:1)
  2 leopard geckos
  24 orcs
  7 bats
  7 giant cockroaches
  8 goblins
  3 hobgoblins
  14 jackals
  19 kobolds
  A quokka (D:5)
  13 ball pythons
  10 frilled lizards
  A quokka skeleton (D:5)
  31 rats
239 creatures vanquished.

Vanquished Creatures (others)
  2 fungi (D:3)
  2 plants (D:3)
4 creatures vanquished.

Grand Total: 243 creatures vanquished

Notes
Turn   | Place    | Note
-------+----------+-------------------------------------------
     0 | D:1      | Morbidden the Draconian Monk began the quest for the Orb.
     0 | D:1      | Reached XP level 1. HP: 19/19 MP: 1/1
   141 | D:1      | Reached XP level 2. HP: 22/26 MP: 2/2
   211 | D:1      | Reached skill level 4 in Unarmed Combat
   545 | D:2      | Reached XP level 3. HP: 31/31 MP: 3/3
   670 | D:2      | Found an ancient bone altar of Kikubaaqudgha.
   670 | D:2      | Found an iron altar of Okawaru.
  1242 | D:3      | Found a glowing drain.
  1322 | Sewer    | Entered a sewer
  1353 | Sewer    | Gained mutation: You are covered in fur. (AC +1) [potion of mutation]
  1353 | Sewer    | Gained mutation: You have large cloven feet. [potion of mutation]
  1361 | Sewer    | Reached XP level 4. HP: 5/38 MP: 4/4
  1367 | Sewer    | Reached skill level 5 in Unarmed Combat
  2017 | Sewer    | Reached XP level 5. HP: 33/45 MP: 5/5
  2288 | Sewer    | Reached skill level 6 in Unarmed Combat
  2378 | Sewer    | Reached XP level 6. HP: 24/51 MP: 6/6
  2823 | D:3      | Reached skill level 7 in Unarmed Combat
  3078 | D:3      | Noticed a water elemental
  3092 | D:3      | Found a stormy altar of Qazlal.
  3146 | D:3      | Noticed an air elemental
  3148 | D:3      | Noticed a fire elemental
  3221 | D:3      | Found a runed gate.
  3222 | D:3      | Noticed Zaque's ghost (weakling DsAK)
  3223 | D:3      | Found a runed gate.
  3223 | D:3      | Found a runed gate.
  3625 | D:4      | Your scales start taking on an icy white colour.
  3625 | D:4      | Reached XP level 7. HP: 39/57 MP: 7/7
  3625 | D:4      | Gained mutation: Your flesh is cold resistant. (rC+) [White Draconian growth]
  3651 | D:4      | Found a white marble altar of Elyvilon.
  3842 | D:4      | Found an opulent altar of Gozag.
  3885 | D:4      | Reached skill level 8 in Unarmed Combat
  4061 | D:5      | Entered Level 5 of the Dungeon
  4321 | D:5      | Found a snail-covered altar of Cheibriados.
  4372 | D:5      | Became a worshipper of Cheibriados the Contemplative
  4372 | D:5      | Reached * piety under Cheibriados
  4372 | D:5      | Reached ** piety under Cheibriados
  4688 | D:6      | Noticed Edmund
  4706 | D:6      | Killed Edmund
  4706 | D:6      | Reached skill level 9 in Unarmed Combat
  4706 | D:6      | Reached XP level 8. HP: 30/66 MP: 8/8
  4842 | D:6      | Found Uhaogier's Magic Scroll Shoppe.
  5222 | D:6      | Reached skill level 1 in Invocations
  5248 | D:6      | Reached skill level 10 in Unarmed Combat
  5378 | D:6      | Learned a level 1 spell: Magic Dart
  5641 | D:7      | Reached skill level 1 in Conjurations
  5808 | D:7      | Reached XP level 9. HP: 71/71 MP: 9/11
  5939 | D:7      | Reached *** piety under Cheibriados
  5953 | D:7      | Found a staircase to the Ecumenical Temple.
  6099 | D:3      | Killed Zaque's ghost
  6447 | D:8      | Reached skill level 11 in Unarmed Combat
  6709 | D:8      | Reached **** piety under Cheibriados
  6721 | D:8      | Noticed Grum
  6738 | D:8      | Killed Grum
  6909 | D:8      | Found a sparkling altar of Nemelex Xobeh.
  7282 | D:9      | Found a hazy altar of Hepliaklqana.
  7283 | D:9      | Found a shimmering altar of Xom.
  7284 | D:9      | Noticed a spectral ugly thing
  7365 | D:9      | Reached skill level 5 in Dodging
  7492 | D:9      | Slain by an orc warrior

Skill      XL: |  1  2  3  4  5  6  7  8  9 |
---------------+----------------------------+-----
Unarmed Combat | 4 5 6 7 9 10 11 | 11.8
Dodging        | 3 4 5 |  5.1
Invocations    | 2 4 |  4.4
Fighting       | 4 |  4.7
Conjurations   | 1 3 |  3.5
Stealth        | |  1.7

Action                   |  1- 3 |  4- 6 |  7- 9 || total
-------------------------+-------+-------+-------++-------
Melee: Unarmed           |   145 |   262 |   266 ||   673
       Tailslap          |    18 |    21 |    49 ||    88
       Punch             |     1 |     3 |    16 ||    20
       Kick              |       |    65 |    96 ||   161
Throw: Tomahawk          |       |    11 |    12 ||    23
 Cast: Magic Dart        |       |       |    28 ||    28
 Abil: Breathe Frost     |       |       |    23 ||    23
  Use: Potion            |     4 |     4 |     5 ||    13
       Scroll            |     2 |     6 |     2 ||    10
 Stab: Sleeping          |     1 |     1 |     5 ||     7
  Eat: Chunk             |     1 |     8 |    11 ||    20
       Ration            |       |       |     1 ||     1
Armor: Skin              |    44 |   118 |    54 ||   216
Dodge: Dodged            |   109 |   253 |   149 ||   511
